 Dungeon Crawl Stone Soup version 0.27-a0-421-g7ddf969dea (webtiles) character file.

Game seed: 15430895046870771076

116 Anon1729 the Ducker (level 5, -2/36 HPs)
             Began as an Octopode Gladiator on Feb 26, 2021.
             Slain by an orc
             ... wielding a +0 short sword
              (7 damage)
             ... on level 2 of the Dungeon.
             The game lasted 00:01:47 (2011 turns).

Anon1729 the Ducker (Octopode Gladiator)            Turns: 2011, Time: 00:01:47

Health: -2/36      AC:  1    Str: 13    XL:     5   Next: 0%
Magic:  5/5        EV: 15    Int: 10    God:
Gold:   37         SH:  0    Dex: 15    Spells: 4/4 levels left

rFire    . . .     SeeInvis .   a - +0 trident
rCold    . . .     Faith    .   (no shield)
rNeg     . . .     Spirit   .   b - +0 hat
rPois    .         Reflect  .   (no amulet)
rElec    .         Harm     .   (no ring)
rCorr    .         Rampage  .   (no ring)
Will     .....                  (no ring)
Stlth    +++.......             (no ring)
HPRegen  0.12/turn              (no ring)
MPRegen  0.09/turn              (no ring)
                                (no ring)
                                (no ring)

@: no status effects
A: almost no armour, stealthy swim, amphibious, 8 rings, constrict 8, camouflage
1, gelatinous body 1
a: no special abilities


You were on level 2 of the Dungeon.
You visited 1 branch of the dungeon, and saw 3 of its levels.

You collected 37 gold pieces.

Inventory:

Hand Weapons
 a - a +0 trident (weapon)
Missiles
 c - 3 throwing nets (quivered)
Armour
 b - a +0 hat (worn)
Scrolls
 d - 2 scrolls of teleportation {unknown}
 g - a scroll of fog {unknown}
 h - a scroll of magic mapping {unknown}
Potions
 e - a potion of attraction {unknown}
 f - 2 potions of might {unknown}
 i - a potion of brilliance {unknown}


   Skills:
 + Level 3.2 Fighting
 + Level 3.8 Polearms
 - Level 2.2 Throwing
 + Level 3.9 Dodging
 - Level 0.8 Stealth


You had 4 spell levels left.
You didn't know any spells.
Your spell library was empty.

Dungeon Overview and Level Annotations

Branches:
Dungeon (3/15)

Altars:


Innate Abilities, Weirdness & Mutations

You cannot wear most types of armour.
You are very stealthy in the water. (Stealth+)
You are amphibious.
You can wear up to eight rings at the same time.
You can use your tentacles to constrict eight enemies at once.
Your skin changes colour to match your surroundings (Stealth+).
Your rubbery body absorbs attacks. (AC +1, EV +1)


Message History

You are too injured to fight recklessly!
The bat misses you. The orc hits you with a +0 short sword.
* * * LOW HITPOINT WARNING * * *
The orc barely misses you. The bat misses you. The bat closely misses you.
The bat closely misses you. The bat closely misses you.
You closely miss the bat. Your grab misses the bat.
Your squeeze misses the bat. The bat hits you.
* * * LOW HITPOINT WARNING * * *
The bat closely misses you.
Reach: a) +0 trident
Press: ? - help, Dir - move target, f - bat
Aim: a bat (about 56% to evade your +0 trident)
You reach to attack!
You miss the bat. The bat misses you.
Unknown command.
Reach: a) +0 trident
Press: ? - help, Dir - move target, f/p - bat
Aim: a bat (about 56% to evade your +0 trident)
You reach to attack!
You hit the bat.
You kill the bat!
Unknown command.
Reach: a) +0 trident
Press: ? - help, Dir - move target, f - orc
Aim: an orc, wielding a +0 hand axe (moderately wounded, about 41% to evade your +0 trident)
You reach to attack!
You puncture the orc!
You kill the orc!
You have reached level 5!
You feel agile.
Reach: a) +0 trident
Press: ? - help, Dir - move target, f - orc
Aim: an orc, wielding a +0 short sword (about 41% to evade your +0 trident)
You reach to attack!
You hit the orc.
The orc is moderately wounded.
You hit the orc. Your grab misses the orc. Your squeeze misses the orc.
The orc is heavily wounded.
The orc hits you with a +0 short sword.
* * * LOW HITPOINT WARNING * * *
The orc hits you with a +0 short sword!
You die...

#.#.##.# #.# #.#
#.#.##.# #.# #.#
#.#.##.# #.# #.#
..#.##.# #.## #.#
###.##.####..###.#
....##.#..[......#
######.#.###.###.#
#.#.# #..##.#
#.#.# ##.##@#
#.#.# #.##o# #.#.#
#..#)# #.#.#
##.#.# #.#.# #...#
#.#.# ##..# #.#.#
#..# #.#.# #..#
#.#.# #..#


You could see an orc.

Vanquished Creatures
  A hound skeleton (D:2)
  A gnoll (D:1)
  4 adders (D:2)
  A worm (D:2)
  2 dart slugs
  A leopard gecko (D:1)
  An orc (D:2)
  6 bats
  2 giant cockroaches (D:1)
  4 hobgoblins
  5 kobolds
  2 quokkas (D:2)
  4 frilled lizards
  9 goblins
  7 rats
50 creatures vanquished.

Notes
Turn   | Place    | Note
-------+----------+-------------------------------------------
     0 | D:1      | Anon1729 the Octopode Gladiator began the quest for the
                  | Orb.
     0 | D:1      | Reached XP level 1. HP: 14/14 MP: 1/1
   102 | D:1      | Reached XP level 2. HP: 12/19 MP: 2/2
   691 | D:1      | Reached XP level 3. HP: 25/25 MP: 3/3
  1247 | D:2      | Reached XP level 4. HP: 29/30 MP: 4/4
  2009 | D:2      | Reached XP level 5. HP: 10/36 MP: 5/5
  2011 | D:2      | Slain by an orc

Illustrated notes

Levels and vault maps discovered:
D:1:      lemuel_arrival_funnel, layout_basic
D:2:      layout_basic
D:3:      minmay_evil_eye, layout_basic, uniq_ijyb

Skill      XL: |  1  2  3  4 |
---------------+-------------+-----
Fighting       | 3 |  3.2
Polearms       | |  3.8
Throwing       | |  2.2
Dodging        | |  3.9
Stealth        | |  0.8

Action                   |  1- 3 |  4- 6 || total
-------------------------+-------+-------++-------
Melee: Trident           |    65 |    44 ||   109
       Constrict         |    15 |    12 ||    27
       Tentacles         |     7 |    14 ||    21
 Stab: Sleeping          |     6 |     2 ||     8
Armor: Skin              |     7 |       ||     7
Dodge: Dodged            |    30 |    30 ||    60

Table legend: (Time is in decaauts)
 A = Elapsed time spent in this place.
 B = Non-inter-level travel time spent in this place.
 C = Inter-level travel time spent in this place.
 D = Time resting spent in this place.
 E = Time spent auto-exploring this place.
 F = Levels seen in this place.
 G = Mean time per level.
                   A        B        C        D        E       F      G
               +--------+--------+--------+--------+--------+-----+--------+
         Total |   2025 |   1958 |     67 |      0 |   1668 |   3 |  675.0 |
       Dungeon |   2025 |   1958 |     67 |      0 |   1668 |   3 |  675.0 |
               +--------+--------+--------+--------+--------+-----+--------+

Top non-repeatable levels by time:
     D:1: 1205 daAuts
     D:2: 814 daAuts
     D:3: 6 daAuts
